 Dungeon Crawl Stone Soup version bcrawl-1.21.3 (webtiles) character file.

Game seed: 2971172814402755178

107 Groucho the Sneak (level 4, -15/26 HPs)
             Began as a Gargoyle Archaeologist on Mar 28, 2020.
             Demolished by an ogre
             ... wielding a +0 giant spiked club
              (18 damage)
             ... on level 4 of the Dungeon on Mar 29, 2020.
             The game lasted 00:07:02 (4076 turns).

Groucho the Sneak (Gargoyle Archaeologist)          Turns: 4076, Time: 00:07:02

Health: -15/26     AC: 19    Str: 19    XL:     4   Next: 86%
Magic:  4/4        EV: 11    Int: 20    God:
Gold:   251        SH:  4    Dex: 14    Spells: 3/3 levels left

rFire    . . .     SeeInvis .   a - +0 whip
rCold    . . .     Gourm    .   p - +0 buckler
rNeg     + . .     Faith    .   q - +0 plate armour
rPois    ∞         Spirit   .   c - +1 hat
rElec    +         Reflect  .   r - +0 cloak
rCorr    .         Harm     .   l - +0 pair of gloves
MR       .....                  d - +1 pair of boots
Stlth    ..........             (no amulet)
HPRegen  0.08/turn              (no ring)
MPRegen  0.09/turn              (no ring)

@: mighty, brilliant, agile
A: negative energy resistance 1, electricity resistance, unbreathing,
petrification resistance, rot immunity, AC +3
a: no special abilities


You were on level 4 of the Dungeon.
You were not hungry.

You visited 1 branch of the dungeon, and saw 4 of its levels.

You collected 251 gold pieces.

Inventory:

Hand Weapons
 a - a +0 whip (weapon)
Armour
 c - a +1 hat (worn)
 d - a +1 pair of boots (worn)
 l - a +0 pair of gloves (worn)
 p - a +0 buckler (worn)
 q - a +0 plate armour (worn)
 r - a +0 cloak (worn)
Jewellery
 h - a +3 ring of protection {unknown}
 s - an uncursed amulet of the acrobat {unknown}
 u - a cursed ring of teleportation {unknown}
Scrolls
 g - a scroll of magic mapping
 i - a scroll of enchant armour {unknown}
 j - 2 scrolls of remove curse {unknown}
 k - a scroll of amnesia {unknown}
 n - 3 scrolls of teleportation {unknown}
 o - 7 scrolls of identify {unknown}
 t - a scroll of blinking {unknown}
Potions
 m - a potion of agility
Miscellaneous
 f - a dusty tome
Comestibles
 e - 8 rations {!d}


   Skills:
 + Level 1.9 Fighting
 + Level 2.4 Maces & Flails
 + Level 1.2 Armour
 - Level 3.0 Dodging
 - Level 4.0 Stealth
 + Level 1.0 Shields
 + Level 0.9 Evocations


You had 3 spell levels left.
You didn't know any spells.
Your spell library was empty.

Dungeon Overview and Level Annotations

Branches:
Dungeon (4/12)
 Temple: D:4-7

Altars:
Fedhas
Uskayaw


Innate Abilities, Weirdness & Mutations

You are resistant to torment.
Your stone body is resilient. (AC +3)
You are immune to poison.
You resist negative energy. (rN+)
You are resistant to electric shocks. (rElec)
You can survive without breathing.
You are immune to petrification.
You are immune to rotting.


Message History

The ogre is lightly wounded.
The orc wizard gestures at you while chanting.
The magic dart hits you but does no damage.
The ogre closely misses you. You block the orc wizard's attack.
You whack the ogre!
The ogre is heavily wounded.
The orc wizard barely misses you. The ogre barely misses you.
You closely miss the orc wizard.
The orc wizard is heavily wounded.
You block the orc wizard's attack. x2
You whack the ogre!
The ogre is almost dead.
The ogre hits you but does no damage.
The orc wizard hits you but does no damage.
You whack the orc wizard!
The orc wizard is almost dead.
The orc wizard hits you but does no damage.
The ogre hits you with a +0 giant spiked club!!
Ouch! That really hurt!
You die...

. ..# #
#.################
####.##.............#
..##.##.............#
..##.##......!......#
.. #.##.............#
####.##.........o...#
.).............O@...#
####................#
####.##.......[.....#
............>####.###
.....######### .#
.....# .# .....# .#
...... .# ......


You could see an ogre and an orc wizard.

Vanquished Creatures
  A hound (D:4)
  2 oozes
  3 worms
  3 leopard geckos
  10 orcs
  3 goblins (D:1)
  4 hobgoblins (D:1)
  2 quokkas (D:1)
  5 bats
  4 frilled lizards
  8 kobolds
  4 rats
49 creatures vanquished.

Notes
Turn   | Place    | Note
-------+----------+-------------------------------------------
     0 | D:1      | Groucho the Gargoyle Archaeologist began the quest for the
                  | Orb.
     0 | D:1      | Reached XP level 1. HP: 12/12 MP: 1/1
    54 | D:1      | Reached XP level 2. HP: 16/16 MP: 2/2
   797 | D:1      | Reached skill level 4 in Stealth
   831 | D:1      | Reached XP level 3. HP: 4/20 MP: 3/3
   835 | D:1      | HP: 1/20 [hobgoblin/+0 club (1)]
  3375 | D:3      | Found a blossoming altar of Fedhas.
  3596 | D:3      | Reached XP level 4. HP: 25/25 MP: 4/4
  3696 | D:3      | Found a hide-covered altar of Uskayaw.
  3709 | D:3      | Noticed a +0 hand axe
  3709 | D:3      | Noticed a -2 dagger
  3930 | D:4      | Reached skill level 1 in Armour
  3930 | D:4      | Reached skill level 1 in Shields
  4025 | D:4      | Noticed an ogre
  4052 | D:4      | HP: 1/26 [ogre/+0 giant spiked club (8)]
  4076 | D:4      | Demolished by an ogre

Skill      XL: |  1  2  3  4 |
---------------+-------------+-----
Stealth        | 4 |  4.0
Maces & Flails | 2 |  2.4
Dodging        | 3 |  3.0
Armour         | 1 |  1.2
Shields        | 1 |  1.0
Fighting       | |  1.9
Evocations     | |  0.9

Action                   |  1- 3 |  4- 6 || total
-------------------------+-------+-------++-------
Melee: Whip              |   275 |   104 ||   379
  Use: Potion            |     2 |     3 ||     5
 Stab: Sleeping          |     1 |       ||     1
  Eat: Ration            |     3 |       ||     3
       Chunk             |     1 |       ||     1
Armor: Robe              |    78 |       ||    78
       Plate armour      |   131 |    90 ||   221
Dodge: Dodged            |   146 |    20 ||   166
Block: Buckler           |     9 |    12 ||    21
